 Dungeon Crawl Stone Soup version 0.30-a0-989-g0d87f670db (webtiles) character file.

Game seed: 6591358432484521897

35 sirJeffrey23 the Poker (level 3, -7/35 HPs)
             Began as a Gnoll Chaos Knight on Apr 3, 2023.
             Was a Plaything of Xom.
             Mangled by Robin the entropy weaver (shapeshifter) (9 damage)
             ... on level 2 of the Dungeon.
             The game lasted 00:01:38 (715 turns).

sirJeffrey23 the Poker (Gnoll Chaos Knight)          Turns: 715, Time: 00:01:41

Health: -7/35      AC:  6    Str: 13    XL:     3   Next: 33%
Magic:  4/4        EV: 12    Int: 11    God:    Xom [..*...]
Gold:   51         SH:  0    Dex: 11    Spells: 3/3 levels left

rFire   . . .      SeeInvis .    a - +0 spear (chaos)
rCold   . . .      Faith    .    (no shield)
rNeg    . . .      Spirit   .    b - +2 leather armour
rPois   .          Reflect  .    g - +0 helmet
rElec   .          Rampage  .    (no cloak)
rCorr   .                        (no gloves)
Will    .....                    (no boots)
Stlth   +                        (no amulet)
HPRegen 0.25/turn                (no ring)
MPRegen 0.09/turn                (no ring)

@: no status effects
A: fangs 1, strong nose, distributed training
a: Renounce Religion


You were on level 2 of the Dungeon.
You worshipped Xom.
You were a toy of Xom.
You visited 1 branch of the dungeon, and saw 2 of its levels.

You collected 51 gold pieces.

Inventory:

Hand Weapons
 a - a +0 spear of chaos (weapon)
Armour
 b - a +2 leather armour (worn)
 g - a +0 helmet (worn)
Potions
 d - a potion of magic
 e - 2 potions of brilliance {unknown}
 f - a potion of haste {unknown}
 h - 2 potions of cancellation {unknown}
Miscellaneous
 c - a piece from Xom's chessboard (14/15) (quivered)


   Skills:
 + Level 6.5 Fighting
 + Level 0.8 Short Blades
 + Level 0.8 Long Blades
 + Level 0.8 Axes
 + Level 0.8 Maces & Flails
 + Level 6.5 Polearms
 + Level 0.8 Staves
 + Level 0.8 Ranged Weapons
 + Level 0.8 Throwing
 + Level 4.5 Armour
 + Level 2.6 Dodging
 + Level 0.8 Stealth
 + Level 0.8 Shields
 + Level 0.8 Unarmed Combat
 + Level 0.8 Spellcasting
 + Level 0.5 Conjurations
 + Level 0.5 Hexes
 + Level 0.5 Summonings
 + Level 0.5 Necromancy
 + Level 0.5 Translocations
 + Level 0.5 Transmutations
 + Level 0.5 Fire Magic
 + Level 0.5 Ice Magic
 + Level 0.5 Air Magic
 + Level 0.5 Earth Magic
 + Level 0.5 Poison Magic
 + Level 1.0 Invocations
 + Level 0.8 Evocations


You had 3 spell levels left.
You didn't know any spells.
Your spell library contained the following spells:

 Spells                   Type           Power      Damage    Failure   Level
 Static Discharge         Conj/Air       2%         2-3/arc   43%         2
 Vhi's Electric Charge    Tloc/Air       2%         N/A       67%         3
 Arcjolt                  Conj/Air       0%         1d10      100%        5
 Plasma Beam              Fire/Air       0%         2x1d7     100%        5


Dungeon Overview and Level Annotations

Branches:
Dungeon (2/15)

Altars:

Annotations:
D:2 Robin


Innate Abilities, Weirdness & Mutations

You have very sharp teeth.
Your uncanny sense of smell can sniff out nearby items.
Your experience applies equally to all skills.


Message History

The hobgoblin hits you. The goblin closely misses you.
The goblin attacks as you move away! The goblin closely misses you.
The hobgoblin attacks as you move away! The hobgoblin closely misses you.
Robin roars a battlecry!
The goblins go into a battle-frenzy!
The goblin attacks as you move away! The goblin hits you with a +0 club.
You hit the goblin. You burn the goblin.
You kill the goblin!
You hit the goblin.
You kill the goblin!
Your Invocations skill increases to level 1!
You hit the hobgoblin.
You feel better.
You kill the hobgoblin!
You hit Robin.
Robin is poisoned.
Robin is moderately wounded.
You hit Robin but do no damage.
Robin is moderately wounded.
Robin closely misses you.
You hit Robin.
Space warps around Robin.
You bite Robin, but do no damage.
Robin is heavily wounded.
Robin barely misses you.
You completely miss Robin.
Robin is severely wounded.
Robin zaps a wand.
The puff of flame hits you.
You hit Robin.
Robin changes into a shapeshifter!
You barely miss Robin.
Robin the shapeshifter changes into something you cannot see!
Deactivating autopickup; reactivate with Ctrl-A.
You closely miss something. Something hits you.
* * * LOW HITPOINT WARNING * * *
Unknown command.
Robin appears out of thin air!
Reactivating autopickup.
Items here: $ ))) / [[ ††.
You make a move on Xom's chessboard...
Robin resists with almost no effort.
Robin hits you!
* * * LOW HITPOINT WARNING * * *
Robin hits you!
You die...
Xom bursts into laughter!

........# #....##...#...#.#
...####.##
#....##....###.## ...#
#..###....##........####
...#
##........................<
...#
#...#....#################
...# ###....###
.).#########....##
##...............#
###########...#@## .#
#...#.B# ...# #...##.##
...# #.......# ...#
#......J#####)..###
####...).##.......#
#.....##.(...$.#
#....).).......#.
########.........


You could see Robin the entropy weaver and an endoplasm.

Vanquished Creatures
  A dart slug (D:1)
  An endoplasm (D:1)
  2 giant cockroaches
  10 goblins
  4 hobgoblins
  A kobold (D:1)
  5 ball pythons
  2 frilled lizards
  A rat (D:1)
27 creatures vanquished.

Notes
Turn   | Place    | Note
-------+----------+-------------------------------------------
     0 | D:1      | sirJeffrey23 the Gnoll Chaos Knight began the quest for the
                  | Orb.
     0 | D:1      | Reached XP level 1. HP: 23/23 MP: 1/1
    97 | D:1      | Reached XP level 2. HP: 29/29 MP: 2/2
   469 | D:2      | Found a faded altar of an unknown god.
   566 | D:2      | Noticed Robin
   573 | D:2      | Reached XP level 3. HP: 35/35 MP: 3/3
   669 | D:2      | XOM: confuse monster(s)
   673 | D:2      | XOM: silly message
   706 | D:2      | Reached skill level 1 in Invocations
   711 | D:2      | Robin changed into Robin the shapeshifter
   711 | D:2      | Noticed Robin (shapeshifter)
   712 | D:2      | Robin the shapeshifter changed into something unseen
   714 | D:2      | Noticed Robin
   715 | D:2      | Mangled by Robin the entropy weaver (shapeshifter)

Illustrated notes

Levels and vault maps discovered:
D:1:      eino_arrival_tree_alley, layout_rooms, grunt_decor_resistance
D:2:      layout_basic, shapermc_ecumenical_altar_venn, minmay_small_reverse_x,
          uniq_robin, uniq_jessica

Skill      XL: |  1  2  3 |
---------------+----------+-----
Invocations    | 1 |  1.0
Fighting       | |  6.5
Short Blades   | |  0.8
Long Blades    | |  0.8
Axes           | |  0.8
Maces & Flails | |  0.8
Polearms       | |  6.5
Staves         | |  0.8
Ranged Weapons | |  0.8
Throwing       | |  0.8
Armour         | |  4.5
Dodging        | |  2.6
Stealth        | |  0.8
Shields        | |  0.8
Unarmed Combat | |  0.8
Spellcasting   | |  0.8
Conjurations   | |  0.5
Hexes          | |  0.5
Summonings     | |  0.5
Necromancy     | |  0.5
Translocations | |  0.5
Transmutations | |  0.5
Fire Magic     | |  0.5
Ice Magic      | |  0.5
Air Magic      | |  0.5
Earth Magic    | |  0.5
Poison Magic   | |  0.5
Evocations     | |  0.8

Action                     || total
---------------------------++-------
  Melee: Spear             ||    87
         Bite              ||     7
  Evoke: Piece from Xom's  ||     1
    Use: Scroll            ||     2
 Armour: Leather armour    ||    22
  Dodge: Dodged            ||    39

Table legend: (Time is in decaauts)
 A = Elapsed time spent in this place.
 B = Non-inter-level travel time spent in this place.
 C = Inter-level travel time spent in this place.
 D = Time resting spent in this place.
 E = Time spent auto-exploring this place.
 F = Levels seen in this place.
 G = Mean time per level.
                   A        B        C        D        E       F      G
               +--------+--------+--------+--------+--------+-----+--------+
         Total |    695 |    667 |     28 |      0 |    475 |   2 |  347.5 |
       Dungeon |    695 |    667 |     28 |      0 |    475 |   2 |  347.5 |
               +--------+--------+--------+--------+--------+-----+--------+

Top non-repeatable levels by time:
     D:1: 411 daAuts
     D:2: 284 daAuts
